Unix NetHack Version 5.0.0-0 post-release - last build May  4 2026 22:22:43 (774f63e81ad911689b3a0859ea89b322d5daca8d,branch:main).

Game began 2026-05-04 20:10:52, ended 2026-05-05 11:44:35.

ButtonHitter, neutral male human Tourist

                                               -----
                                         ######....+                  -------
       ---------------                   #     |...|                  ......|
       |.......%......##########         #     |.>.| #                |.....|
       |.............|        #          #     |...-####              +.....|
       -.-------------        # #        #     --.-- # #            ##|.....|
        ###               ########### ####             ##         ####......|
         #                #   #     #######             ####     ## ##|.....|
         #                                                 ########   ----.--
         #                                                      ##      [ #
         #                                                     ###      ###
  -------|--                        ----+----+----- --------# # ####    #
  |........|                        |.............| |{......#########   #
  |........|               .        |..............#..^[...|###### ##---.-
  |......rr|                        |.............| |......----### ##....|
  |....rrrr|                        |.............| ----.......###   |...|
  |....r.r@@                        |.............+    |......|#     |...|
  ----------                        ---------------    -......|      -----
                                                       -----.--

ButtonHitter the Sightseer  St:12 Dx:8 Co:17 In:14 Wi:8 Ch:16  Neutral
Dlvl:5  $:785 HP:0(31) Pw:12(12) AC:10 Xp:3/72 T:668  Satiated

Latest messages:
 You kill the acid blob!
 You see here 2 +2 darts.
 d - 2 +2 darts (at the ready) (18 in total).
 You see here a tripe ration.
 The wererat changes into a rat.
 The wererat bites!
 In what direction? l
 The dart misses the wererat.
 The wererat summons help!
 A sewer rat suddenly appears next to you!
 A giant rat suddenly appears next to you!
 A sewer rat suddenly appears next to you!
 A rabid rat suddenly appears close by!
 The wererat bites!
 In what direction? l
 The dart hits the wererat.
 The sewer rat bites!
 The giant rat bites!
 The sewer rat bites!
 The wererat changes into a human.
 The wererat hits!
 What do you want to drink? [gno or ?*] ?
 You feel much better.
 The sewer rat just misses!
 The sewer rat bites!
 The wererat hits!
 In what direction? l
 The dart hits the wererat.
 The sewer rat just misses!
 The giant rat bites!
 The sewer rat bites!
 The wererat summons help!
 A giant rat suddenly appears close by!
 A sewer rat suddenly appears close by!
 A sewer rat suddenly appears close by!
 A sewer rat suddenly appears close by!
 The wererat hits!
 In what direction? l
 The dart hits the wererat.
 The sewer rat bites!
 The giant rat bites!
 The sewer rat bites!
 The wererat hits!
 In what direction? l
 The dart hits the wererat!
 The sewer rat bites!
 The sewer rat bites!
 The wererat hits!
 You die...
 Do you want your possessions identified? [ynq] (y) q

Inventory:
 Coins    ('$')
  $ - 785 gold pieces
 Weapons  (')')
  d - 13 +2 darts (at the ready)
  r - a +0 dart
 Armor    ('[')
  s - an uncursed +0 orcish helm
  i - an uncursed +0 Hawaiian shirt with a jellyfish motif (being worn)
 Comestibles  ('%')
  b - 9 uncursed food rations
  a - an uncursed fortune cookie
  e - an uncursed tripe ration
  j - an uncursed tin of sauteed jackal meat
  f - an uncursed tin of soup made from kobold meat
 Scrolls  ('?')
  m - an uncursed scroll of create monster
  p - a blessed scroll of identify
  h - 4 uncursed scrolls of magic mapping
  u - an uncursed scroll of teleportation
 Potions  ('!')
  o - an uncursed potion of confusion
  n - 2 uncursed potions of healing
 Rings    ('=')
  t - a cursed -2 ring of increase accuracy
 Tools    ('(')
  k - an uncursed credit card
  c - an expensive camera (0:44)
  l - a magic marker (0:20)
  q - an uncursed skeleton key

ButtonHitter the Tourist's attributes:

Background:
 You were a Sightseer, a level 3 male human Tourist.
 You were neutral, on a mission for The Lady
 who was opposed by Blind Io (lawful) and Offler (chaotic).
 You were right-handed.
 You were in the Dungeons of Doom, on level 5.
 You entered the dungeon 668 turns ago.
 You had 72 experience points, 8 more were needed to attain level 4.

Basics:
 You had 0 out of 31 hit points.
 You had all 12 energy points (spell power).
 Your armor class was 10.
 Your wallet contained 785 zorkmids.
 Autopickup was off.

Final Characteristics:
 Your strength was 12 (limit:18/100).
 Your dexterity was 8 (limit:18).
 Your constitution was 17 (limit:18).
 Your intelligence was 14 (limit:18).
 Your wisdom was 8 (limit:18).
 Your charisma was 16 (limit:18).

Final Status:
 You were satiated.
 You were unencumbered.
 You were bare handed.
 You were unskilled in bare handed combat.

Final Attributes:
 You were fervently aligned.
 You are dead.

Miscellaneous:
 You didn't encounter any bones levels.
 Total elapsed playing time was 1 hour, 23 minutes and 45 seconds.

Major events:
 Turn
    1: ButtonHitter the neutral male human Tourist entered the dungeon
  406: attained the rank of Sightseer (level 3)
  668: killed by a wererat

You didn't know any spells.

Skills:
 Fighting Skills
   bare handed combat [Unskilled]
   two weapon combat  [Unskilled]
   riding             [Unskilled]
 Weapon Skills
   dagger             [Unskilled]
   knife              [Unskilled]
   axe                [Unskilled]
   pick-axe           [Unskilled]
   short sword        [Unskilled]
   broadsword         [Unskilled]
   long sword         [Unskilled]
   two-handed sword   [Unskilled]
   saber              [Unskilled]
   mace               [Unskilled]
   morning star       [Unskilled]
   flail              [Unskilled]
   hammer             [Unskilled]
   quarterstaff       [Unskilled]
   polearms           [Unskilled]
   spear              [Unskilled]
   trident            [Unskilled]
   lance              [Unskilled]
   bow                [Unskilled]
   sling              [Unskilled]
   crossbow           [Unskilled]
   dart               [Basic]
   shuriken           [Unskilled]
   boomerang          [Unskilled]
   whip               [Unskilled]
   unicorn horn       [Unskilled]
 Spellcasting Skills
   divination spells  [Unskilled]
   enchantment spells [Unskilled]
   escape spells      [Unskilled]

Voluntary challenges:
 Character rerolling was not enabled.
 You were an atheist.
 You never hit with a wielded weapon.
 You never genocided any monsters.
 You never polymorphed an object.
 You never changed form.
 You used no wishes.
Achievement:
 You attained the rank of Sightseer.

 The Dungeons of Doom: levels 1 to 5
    Level 1:
       A fountain.
    Level 2:
    Level 5: <- You were here.
       A fountain.
       Final resting place for
          you, killed by a wererat.


Vanquished creatures:
  a kitten
  2 dwarf zombies
 an acid blob
  a hobgoblin
  a yellow mold
  4 jackals
  2 foxes
  2 goblins
  2 sewer rats
  4 lichens
20 creatures vanquished.

No species were genocided or became extinct.

Game over:
                       ----------
                      /          \
                     /    REST    \
                    /      IN      \
                   /     PEACE      \
                  /                  \
                  |   ButtonHitter   |
                  |      785 Au      |
                  |   killed by a    |
                  |     wererat      |
                  |                  |
                  |                  |
                  |       2026       |
                 *|     *  *  *      | *
        _________)/\\_//(\/(/\)/\//\/|_)_______

Aloha ButtonHitter the Tourist...

You died in The Dungeons of Doom on dungeon level 5 with 561 points,
and 785 pieces of gold, after 668 moves.
You were level 3 with a maximum of 31 hit points when you died.

